Map: Galactic Process LE

Players

jeye

  • Race: Zerg Zerg
  • League: Gold
  • Spawn Location: 7:00

Fropez - Winner!

  • Race: Protoss Protoss
  • League: Gold
  • Spawn Location: 1:00

VOD

Have the link to the VOD?

Description

Time

  • Played on: Nov. 4, 2016, 2:10 p.m.
  • Length: 17:43
Show
View Real Time Build Order
Export as new Build Order

jeye Zerg 

Build Orders: Hatch First 

Get SALT Encoding   

  13  0:07  Drone  
  13  0:14  Overlord  
  13  0:21  Drone  
  14  0:47  Drone  
  15  0:50  Drone  
  15  0:54  Hatchery  
  15  1:01  Drone  
  16  1:13  Spawning Pool  
  15  1:19  Drone x2  
  17  1:34  Overlord  
  17  1:36  Drone  
  17  1:39  Extractor  
  17  1:56  Drone  
  17  1:57  Drone  
  17  2:01  Queen  
  21  2:08  Drone  
  21  2:09  Drone  
  23  2:27  Extractor, Queen  
  23  2:29  Drone x4  
  30  2:49  Drone x3  
  31  2:54  Lair  
  31  3:01  Extractor, Drone  
  31  3:03  Queen  
  33  3:12  Zergling x6  
  31  3:35  Roach Warren  
  31  3:36  Roach Warren  
  31  3:38  Drone x3  
  29  3:48  Drone x2  
  30  3:53  Drone  
  31  4:07  Burrow  
  31  4:12  Drone x2  
  31  4:13  Drone  
  34  4:18  Tunneling Claws  
  34  4:24  Drone  
  32  4:49  Roach  
  32  4:50  Roach  
  34  4:55  Roach  
  34  4:56  Overlord x2  
  34  4:59  Drone  
  35  5:00  Drone x2  
  34  5:15  Overlord  
  34  5:19  Roach x4  
  42  5:26  Glial Reconstitution  
  42  5:29  Drone x2  
  44  6:00  Spine Crawler  
  44  6:01  Drone x3  
  46  6:05  Drone x3  
  46  6:06  Overlord, Drone  
  46  6:10  Spine Crawler  
  49  6:15  Overlord  
  49  6:16  Roach  
  49  6:17  Roach  
  53  6:25  Spine Crawler  
  52  6:33  Overlord  
  52  6:36  Drone  
  52  6:37  Spine Crawler  
  52  6:48  Roach x7  
  52  6:57  Roach x7  
  52  7:28  Roach x6  
  52  7:33  Roach x5  
  44  8:07  Roach  
  44  8:08  Roach x11  
  44  8:09  Roach x8  
  44  8:10  Evolution Chamber  
  83  8:32  Roach x15  
  83  8:44  Nydus Network  
  83  8:45  Roach x15  
  82  9:06  Overseer  
  82  9:08  Overseer  
  82  9:14  Ravager x2  
  84  9:17  Overlord  
  84  9:19  Roach x3  
  84  9:23  Nydus Canal  
  84  9:44  Roach x13  
  72  10:03  Queen x2  
  66  10:07  Roach x3  
  66  10:08  Roach x6  
  66  10:10  Overseer  
  66  10:11  Overseer  
  84  10:14  Roach x10  
  84  10:22  Roach x2  
  65  11:00  Roach x4  
  65  11:01  Roach  
  65  11:03  Roach x2  
  65  11:04  Roach x4  
  85  11:10  Drone  
  85  11:11  Drone x8  
  83  11:20  Lair  
  65  12:12  Roach x9  
  57  12:15  Roach x2  
  57  12:16  Roach x7  
  57  12:23  Roach x9  
  57  12:28  Extractor  
  54  12:36  Roach x8  
  52  12:48  Roach x5  
  52  12:49  Roach x7  
  54  13:15  Overseer  
  54  13:19  Drone x3  
  57  13:29  Hatchery  
  56  13:36  Roach x4  
  46  14:01  Drone  
  47  14:15  Roach x2  
  47  14:16  Roach x4  
  59  14:17  Ravager  
  59  14:18  Ravager  
  59  14:47  Roach x9  
  59  14:51  Roach x9  
  58  14:55  Roach x8  
  58  14:57  Roach x8  
  57  15:01  Roach x8  
  57  15:04  Roach x8  
  55  15:52  Roach x8  
  55  16:04  Hatchery  
  54  16:17  Infestation Pit  
  53  16:26  Overlord  
  53  16:28  Overlord  
  53  16:34  Hatchery  
  53  16:38  Overlord  
  52  16:44  Pneumatized Carapace  
  48  16:59  Extractor  
  47  17:27  Drone  
  47  17:28  Drone  
Show
View Real Time Build Order
Export as new Build Order

Fropez Protoss - Winner!

Build Orders:  

Get SALT Encoding   

  12  0:01  Probe (Chrono Boost)  
  13  0:12  Probe (Chrono Boost)  
  14  0:20  Pylon  
  14  0:23  Probe (Chrono Boost)  
  15  0:38  Probe (Chrono Boost)  
  15  0:40  Gateway  
  16  0:45  Assimilator  
  16  0:49  Probe (Chrono Boost)  
  17  0:59  Probe (Chrono Boost)  
  18  1:10  Probe (Chrono Boost)  
  19  1:12  Gateway  
  18  1:20  Probe (Chrono Boost)  
  19  1:29  Cybernetics Core  
  19  1:31  Probe (Chrono Boost)  
  20  1:34  Assimilator  
  20  1:41  Probe (Chrono Boost)  
  20  1:46  Pylon  
  21  1:52  Probe (Chrono Boost)  
  22  2:07  Adept (Chrono Boost)  
  26  2:09  Warp Gate  
  26  2:10  Adept (Chrono Boost)  
  26  2:11  Mothership Core  
  28  2:31  Adept (Chrono Boost)  
  30  2:49  Probe  
  31  2:56  Twilight Council  
  31  3:01  Pylon  
  31  3:11  Gateway  
  31  3:19  Probe  
  36  3:20  Adept (Chrono Boost)  
  36  3:23  Adept (Chrono Boost)  
  34  3:53  Resonating Glaives (Chrono Boost)  
  32  4:02  Probe  
  33  4:05  Nexus  
  33  4:07  Pylon  
  33  4:09  Pylon  
  33  4:12  Pylon  
  33  4:14  Probe  
  34  4:50  Stalker x3  
  34  4:51  Probe  
  41  5:03  Probe  
  40  5:08  Forge  
  40  5:13  Adept x2  
  40  5:14  Adept  
  44  5:15  Probe  
  44  5:18  Probe  
  46  5:50  Adept x3  
  46  5:56  Assimilator  
  52  6:03  Gateway  
  52  6:04  Gateway  
  52  6:07  Photon Cannon  
  52  6:10  Gateway  
  52  6:13  Pylon  
  52  6:18  Probe  
  52  6:20  Probe  
  54  6:29  Probe  
  54  6:30  Charge (Chrono Boost)  
  54  6:32  Stalker x3  
  61  6:37  Protoss Ground Weapons Level 1 (Chrono Boost)  
  61  7:05  Photon Cannon  
  61  7:11  Pylon  
  61  7:23  Photon Cannon  
  61  7:26  Photon Cannon  
  61  7:30  Photon Cannon  
  61  7:31  Pylon  
  61  7:33  Pylon  
  59  8:04  Robotics Facility  
  59  8:08  Dark Shrine  
  59  8:09  Pylon  
  59  8:20  Pylon  
  59  8:28  Assimilator  
  59  8:32  Photon Cannon  
  59  8:49  Probe x2  
  59  8:52  Robotics Facility  
  55  9:00  Protoss Ground Weapons Level 2 (Chrono Boost)  
  53  9:04  Warp Prism  
  51  9:16  Pylon, Probe x2  
  53  9:21  Dark Templar  
  55  9:26  Dark Templar x5  
  65  9:31  Probe  
  65  9:32  Probe  
  67  9:46  Immortal (Chrono Boost)  
  65  9:54  Dark Templar  
  62  10:00  Dark Templar  
  59  10:31  Archon x2  
  55  10:40  Stalker x5  
  65  10:43  Observer (Chrono Boost)  
  62  10:50  Immortal (Chrono Boost)  
  62  11:38  Probe x2  
  64  11:50  Stalker x4  
  60  12:14  Dark Templar  
  47  12:43  Nexus  
  47  12:47  Assimilator  
  45  12:51  Assimilator  
  45  12:55  Pylon  
  45  12:58  Pylon  
  45  13:00  Dark Templar  
  43  13:17  Observer (Chrono Boost)  
  43  13:19  Protoss Ground Weapons Level 3  
  44  13:28  Zealot  
  44  13:29  Zealot  
  48  13:39  Pylon  
  44  13:50  Dark Templar  
  44  13:54  Dark Templar x2  
  50  14:02  Probe  
  50  14:03  Probe  
  52  14:30  Zealot x4  
  60  14:36  Gateway  
  60  14:43  Gateway  
  56  14:46  Gateway  
  56  15:10  Probe  
  56  15:11  Probe  
  54  15:15  Archon  
  50  15:37  Pylon  
  50  15:41  Pylon  
  44  15:44  Photon Cannon  
  44  15:52  Zealot x6  
  44  15:53  Photon Cannon  
  44  15:56  Pylon  
  56  15:58  Pylon  
  64  16:04  Immortal (Chrono Boost)  
  64  16:10  Immortal (Chrono Boost)  
  64  16:21  Probe  
  64  16:23  Probe  
  64  16:24  Probe  
  67  16:28  Photon Cannon  
  67  16:29  Gateway, Zealot  
  67  16:30  Zealot x2  
  73  16:37  Zealot  
  67  17:27  Zealot x5  
  67  17:28  Zealot x2  
Tags
 
League
GoldGold
Matchup
PvZ
Replay Pack
All Mines
Spawn Locations
Cross Positions
Add a new tag
Caveats
  • Supply blocks, unpowered buildings, or Contaminate may cause inaccurate times.
  • Supply counts are checked every 10 seconds.